 Dungeon Crawl Stone Soup version 0.29.0-4-gdea44cf6ec (webtiles) character file.

Game seed: 5936871778928652900

34658 qw the Severer (level 13, -8/126 HPs)
             Began as a Minotaur Berserker on Sept 5, 2022.
             Was a Priest of Trog.
             Killed from afar by an oklob plant (21 damage)
             ... with a splash of acid
             ... on level 4 of the Lair of Beasts.
             The game lasted 00:05:27 (19287 turns).

qw the Severer (Minotaur Berserker)                Turns: 19287, Time: 00:05:27

Health: -8/126     AC: -1    Str: 26    XL:     13   Next: 43%
Magic:  12/12      EV: 17    Int:  4    God:    Trog [***...]
Gold:   788        SH:  0    Dex: 17    Spells: 12/12 levels left

rFire   . . .      SeeInvis .   b - +2 war axe (vamp)
rCold   . . .      Faith    .   (no shield)
rNeg    . . .      Spirit   .   f - +0 swamp dragon scales
rPois   +          Reflect  .   (helmet restricted)
rElec   .          Harm     .   c - +0 cloak
rCorr   .          Rampage  .   (no gloves)
Will    .....                   d - +1 pair of boots
Stlth   +.........              (no amulet)
HPRegen 0.31/turn               g - +6 ring of dexterity
MPRegen 0.13/turn               (no ring)

@: about to teleport, corroded, on berserk cooldown, slowed, very slow
A: horns 2, retaliatory headbutt
a: Renounce Religion, Berserk, Trog's Hand


You were on level 4 of the Lair of Beasts.
You worshipped Trog.
Trog was most pleased with you.
You visited 2 branches of the dungeon, and saw 12 of its levels.
You also visited: Sewer.

You collected 788 gold pieces.


Innate Abilities, Weirdness & Mutations

You have a pair of horns on your head.
You reflexively headbutt those who attack you in melee.


   Skills:
 - Level 15.0 Fighting
 - Level 16.1 Axes
 + Level 8.7 Throwing
 - Level 10.0 Armour
 - Level 10.0 Dodging


You had 12 spell levels left.
You didn't know any spells.
Your spell library was empty.

Inventory:

Hand Weapons
 b - a +2 vampiric war axe (weapon)
 h - a +1 demon whip of venom
 n - the +9 morningstar "Yskent" {vorpal, rPois rC+++ Str+2 Dex-2}
   (You found it on level 4 of the Lair of Beasts)

   It inflicts extra damage upon your enemies.
   Str:       It affects your strength (+2).
   Dex:       It affects your dexterity (-2).
   rC:        It renders you almost immune to cold.
   rPois:     It protects you from poison.
Missiles
 m - 6 silver javelins (quivered)
Armour
 c - a +0 cloak (worn)
 d - a +1 pair of boots (worn)
 f - +0 swamp dragon scales (worn)
 o - a +0 chain mail
Jewellery
 g - a +6 ring of dexterity (left hand)
 i - a ring of fire
Scrolls
 a - a scroll of teleportation
 k - 4 scrolls of identify
 l - a scroll of brand weapon
Potions
 e - 3 potions of curing
 j - 2 potions of mutation
 p - a potion of cancellation
 q - 2 potions of haste

Dungeon Overview and Level Annotations

Branches:
Dungeon (8/15)             Temple (0/1) D:6            Lair (4/5) D:8
 Shoals (0/4) Lair:2       Spider (0/4) Lair:3        Slime (0/5) Lair:4
  Sewer (visited)

Altars:
Cheibriados
Fedhas
Gozag
Qazlal
Zin
Jiyva

Annotations:
D:3 1 runed translucent door, Crazy Yiuf
D:6 1 runed translucent door


Message History

Press < or > to pray at altars.
You completely miss the oklob plant. You headbutt the oklob plant.
You punch the oklob plant, but do no damage.
The oklob plant is lightly damaged.
Press < or > to pray at altars.
Press < or > to pray at altars.
Press < or > to pray at altars.
Press < or > to pray at altars.
You slash the oklob plant!
The oklob plant is moderately damaged.
Press < or > to pray at altars.
Press < or > to pray at altars.
Press < or > to pray at altars.
Press < or > to pray at altars.
You hit the oklob plant but do no damage.
The oklob plant is moderately damaged.
Press < or > to pray at altars.
Press < or > to pray at altars.
Press < or > to pray at altars.
Press < or > to pray at altars.
You hit the oklob plant.
You feel better.
You headbutt the oklob plant!
The oklob plant is heavily damaged.
Press < or > to pray at altars.
Press < or > to pray at altars.
Press < or > to pray at altars.
Press < or > to pray at altars.
You slice the oklob plant!!
You destroy the oklob plant!
Trog accepts your kill.
You are no longer berserk.
You are exhausted.
You feel yourself slow down.
Press < or > to pray at altars.
Press < or > to pray at altars.
Press < or > to pray at altars.
Press < or > to pray at altars.
19287 ||| READING 2 scrolls of teleportation.
As you read the scroll of teleportation, it crumbles to dust.
You feel strangely unstable. The oklob plant spits acid at you.
The splash of acid hits you!!
You die...

######### ##
###.......##.#
####.........^.###
#P.........#.....#
#...@...####....##
#..>...#####......#
#....P?##
#.......##
###.#######......##
## ##......###
##......## ####
#....#### ###..###
###P...# #......##
####.#...##


You could see 2 oklob plants.

Vanquished Creatures
  Gastronok (Lair:2)
  A hydra (Lair:4)
  Fannar (Lair:1)
  A boulder beetle (D:8)
  A catoblepas (Lair:4)
  6 death yaks (Lair:3)
  Urug (Lair:3)
  Sonja (Lair:2)
  Amaemon (Lair:2)
  Pikel (D:4)
  3 oklob plants (Lair:4)
  An orange demon (Lair:2)
  5 elephants (Lair:1)
  A black mamba (Lair:2)
  2 torpor snails
  9 cane toads
  Maggie (D:7)
  7 komodo dragons
  2 rime drakes (Lair:1)
  2 polar bears
  Prince Ribbit (Lair:3)
  19 blink frogs
  Grinder (D:5)
  4 dream sheep (Lair:3)
  Sigmund (D:3)
  25 yaks
  2 wyverns
  A fire elemental (Lair:2)
  A steam dragon (D:8)
  2 redbacks (Lair:3)
  14 water moccasins
  4 black bears
  4 ice beasts
  An orc warrior (D:6)
  Pargi (Sewer)
  A sky beast (D:7)
  12 wolves
  2 ogres
  A centaur (D:7)
  2 lemures (D:4)
  2 phantoms
  8 bullfrogs
  3 kobold brigands
  Blork the orc (D:4)
  3 necrophages
  4 scorpions
  14 wights
  6 killer bees (D:7)
  2 electric eels (Lair:2)
  2 howler monkeys (D:7)
  2 hounds (D:4)
  2 jellies
  An orc priest (D:6)
  4 iguanas (D:5)
  3 orc wizards
  Robin (D:2)
  6 adders
  A shadow imp (D:7)
  A white imp (D:7)
  3 worms
  3 dart slugs
  16 orcs
  9 ball pythons
  11 endoplasms
  3 giant cockroaches
  20 goblins
  6 hobgoblins
  3 jackals (D:2)
  7 quokkas
  6 bats
  4 frilled lizards
  13 kobolds
  6 rats
323 creatures vanquished.

Vanquished Creatures (others)
  61 fungi
  51 plants
112 creatures vanquished.

Grand Total: 435 creatures vanquished

Notes
Turn   | Place    | Note
-------+----------+-------------------------------------------
     0 | D:1      | qw the Minotaur Berserker began the quest for the Orb.
     0 | D:1      | Reached XP level 1. HP: 19/19 MP: 0/0
     0 | D:1      | 0 ||| qw: Version: 0.1-a-104-g96f76f8
     0 | D:1      | 0 ||| qw: Game counter: 5983
     0 | D:1      | 0 ||| qw: Always use a shield: true
     0 | D:1      | 0 ||| qw: Do Orc after D:15 true
     0 | D:1      | 0 ||| qw: Do second Lair branch before Depths: true
     0 | D:1      | 0 ||| qw: Lair rune preference: random
     0 | D:1      | 0 ||| qw: Plans: Normal
     0 | D:1      | 0 ||| PLANNING D:1-11
    11 | D:1      | 11 ||| Stepping ~*~*~tactically~*~*~ (stealth).
    45 | D:1      | Reached skill level 4 in Axes
   104 | D:1      | 104 ||| INVOKING Berserk.
   106 | D:1      | Reached XP level 2. HP: 17/26 MP: 1/1
   379 | D:1      | 379 ||| Stepping ~*~*~tactically~*~*~ (stealth).
   674 | D:1      | Reached ** piety under Trog
   675 | D:1      | Reached skill level 5 in Axes
   851 | D:1      | Reached XP level 3. HP: 31/31 MP: 2/2
   930 | D:1      | Found a faded altar of an unknown god.
  1223 | D:1      | 1223 ||| UPGRADING to +0 ring mail.
  1233 | D:1      | 1233 ||| DROPPING +0 animal skin.
  1234 | D:1      | 1234 ||| READING scroll labelled HEASANE NIVOOT.
  1292 | D:2      | 1292 ||| STAIRDANCE
  1298 | D:2      | 1298 ||| Stepping ~*~*~tactically~*~*~ (hiding).
  1302 | D:2      | 1302 ||| Stepping ~*~*~tactically~*~*~ (hiding).
  1308 | D:2      | 1308 ||| STAIRDANCE
  1389 | D:2      | 1389 ||| Stepping ~*~*~tactically~*~*~ (stealth).
  1390 | D:2      | 1390 ||| Stepping ~*~*~tactically~*~*~ (stealth).
  1568 | D:2      | Reached skill level 6 in Axes
  1568 | D:2      | Reached XP level 4. HP: 39/39 MP: 3/3
  1576 | D:2      | 1576 ||| Stepping ~*~*~tactically~*~*~ (stealth).
  1774 | D:2      | 1774 ||| Stepping ~*~*~tactically~*~*~ (stealth).
  1783 | D:2      | Noticed Robin
  1789 | D:2      | 1789 ||| INVOKING Berserk.
  1792 | D:2      | Killed Robin
  1795 | D:2      | Reached *** piety under Trog
  2069 | D:2      | 2069 ||| UPGRADING to +0 pair of boots.
  2074 | D:2      | 2074 ||| UPGRADING to +6 ring of dexterity.
  2075 | D:2      | 2075 ||| READING 3 scrolls labelled XENIVEPTEE.
  2078 | D:2      | 2078 ||| READING 2 scrolls labelled ZONKUM FATEALL.
  2079 | D:2      | 2079 ||| READING scroll labelled PESEOMUTIOT.
  2080 | D:2      | 2080 ||| DROPPING scroll of fog.
  2098 | D:3      | 2098 ||| PLANNING SEWER
  2112 | D:3      | Noticed Sigmund
  2114 | D:3      | 2114 ||| Stepping ~*~*~tactically~*~*~ (hiding).
  2116 | D:3      | 2116 ||| INVOKING Berserk.
  2122 | D:3      | Killed Sigmund
  2123 | D:3      | Reached skill level 8 in Axes
  2123 | D:3      | Reached XP level 5. HP: 45/45 MP: 4/4
  2254 | D:3      | Reached XP level 6. HP: 51/51 MP: 5/5
  2310 | D:3      | 2310 ||| SWAPPING to +0 war axe.
  2311 | D:3      | 2311 ||| DROPPING +1 hand axe.
  2461 | D:3      | Found a glowing drain.
  2462 | D:3      | 2462 ||| UPGRADING to +0 chain mail.
  2472 | D:3      | 2472 ||| DROPPING +0 ring mail.
  2473 | D:3      | 2473 ||| READING 2 scrolls labelled TOVADO LIPEG.
  2474 | D:3      | 2474 ||| DRINKING 2 orange potions.
  2579 | D:3      | 2579 ||| DRINKING 2 coppery potions.
  2580 | D:3      | 2580 ||| DROPPING potion of berserk rage.
  2581 | D:3      | 2581 ||| DROPPING scroll of amnesia.
  2582 | D:3      | 2582 ||| DROPPING potion of attraction.
  2632 | D:3      | 2632 ||| Stepping ~*~*~tactically~*~*~ (water).
  2636 | Sewer    | Entered a sewer
  2706 | Sewer    | Noticed Pargi
  2713 | Sewer    | Reached skill level 1 in Throwing
  2714 | Sewer    | Killed Pargi
  2774 | Sewer    | 2774 ||| READING scroll labelled BUUDARATRIO.
  2775 | Sewer    | 2775 ||| READING scroll labelled YKORRI CINUVEXUU.
  2776 | Sewer    | 2776 ||| DRINKING 2 bubbling grey potions.
  2784 | D:3      | 2784 ||| PLANNING D:1-11
  2865 | D:3      | Found a runed translucent door.
  2866 | D:3      | Noticed Crazy Yiuf
  3051 | D:3      | 3051 ||| DRINKING 2 pink potions.
  3107 | D:4      | Noticed Blork the orc
  3108 | D:4      | 3108 ||| Stepping ~*~*~tactically~*~*~ (hiding).
  3112 | D:4      | 3112 ||| INVOKING Berserk.
  3115 | D:4      | Killed Blork the orc
  3230 | D:4      | 3230 ||| DROPPING +0 whip.
  3267 | D:4      | Noticed Pikel
  3268 | D:4      | 3268 ||| Stepping ~*~*~tactically~*~*~ (hiding).
  3274 | D:4      | 3274 ||| INVOKING Berserk.
  3283 | D:4      | Killed Pikel
  3284 | D:4      | Reached skill level 10 in Axes
  3284 | D:4      | Reached XP level 7. HP: 48/60 MP: 6/6
  3418 | D:4      | 3418 ||| DROPPING +1 vorpal mace.
  3421 | D:4      | 3421 ||| Stepping ~*~*~tactically~*~*~ (hiding).
  3531 | D:4      | 3531 ||| Stepping ~*~*~tactically~*~*~ (stealth).
  3533 | D:4      | 3533 ||| Stepping ~*~*~tactically~*~*~ (stealth).
  3535 | D:4      | 3535 ||| Stepping ~*~*~tactically~*~*~ (stealth).
  3543 | D:4      | Reached skill level 3 in Armour
  3597 | D:4      | 3597 ||| DROPPING +2 whip of freezing.
  3743 | D:4      | 3743 ||| Stepping ~*~*~tactically~*~*~ (stealth).
  3745 | D:4      | 3745 ||| Stepping ~*~*~tactically~*~*~ (stealth).
  3746 | D:4      | 3746 ||| Stepping ~*~*~tactically~*~*~ (stealth).
  3749 | D:4      | 3749 ||| INVOKING Berserk.
  3755 | D:4      | Reached XP level 8. HP: 70/70 MP: 7/7
  4015 | D:4      | 4015 ||| READING 2 scrolls of identify.
  4015 | D:4      | 4015 ||| IDENTIFYING cyan potion
  4016 | D:4      | 4016 ||| DROPPING potion of flight.
  4055 | D:5      | Entered Level 5 of the Dungeon
  4079 | D:5      | 4079 ||| Stepping ~*~*~tactically~*~*~ (stealth).
  4089 | D:5      | Reached skill level 6 in Fighting
  4103 | D:5      | 4103 ||| Stepping ~*~*~tactically~*~*~ (stealth).
  4109 | D:5      | 4109 ||| Stepping ~*~*~tactically~*~*~ (stealth).
  4265 | D:5      | Reached skill level 11 in Axes
  4400 | D:5      | 4400 ||| INVOKING Berserk.
  4615 | D:5      | Reached skill level 3 in Dodging
  4670 | D:5      | Noticed Grinder
  4671 | D:5      | 4671 ||| Stepping ~*~*~tactically~*~*~ (hiding).
  4672 | D:5      | 4672 ||| INVOKING Trog's Hand.
  4676 | D:5      | 4676 ||| INVOKING Berserk.
  4682 | D:5      | Killed Grinder
  4957 | D:5      | Reached skill level 12 in Axes
  5286 | D:5      | Found a glowing silver altar of Zin.
  5385 | D:5      | 5385 ||| READING scroll labelled SON ASAEMIMPE.
  5386 | D:5      | 5386 ||| DRINKING 2 amethyst potions.
  5387 | D:5      | 5387 ||| READING 2 scrolls of identify.
  5387 | D:5      | 5387 ||| IDENTIFYING golden potion
  5388 | D:5      | 5388 ||| DROPPING potion of degeneration.
  5389 | D:5      | 5389 ||| DROPPING potion of brilliance.
  5443 | D:6      | Found a runed translucent door.
  5489 | D:6      | Reached XP level 9. HP: 79/79 MP: 8/8
  5562 | D:6      | Found a staircase to the Ecumenical Temple.
  5569 | D:6      | 5569 ||| Stepping ~*~*~tactically~*~*~ (stealth).
  5575 | D:6      | 5575 ||| INVOKING Berserk.
  5653 | D:6      | Reached skill level 13 in Axes
  5672 | D:6      | Reached **** piety under Trog
  5810 | D:6      | 5810 ||| DROPPING +0 flail.
  5962 | D:6      | 5962 ||| DROPPING +1 flail of venom.
  5978 | D:6      | 5978 ||| READING scroll of enchant weapon.
  5978 | D:6      | 5978 ||| ENCHANTING +0 war axe of electrocution.
  6126 | D:6      | 6126 ||| READING scroll labelled GAFUTYU DALUDIE.
  6127 | D:6      | 6127 ||| READING scroll labelled ACUMEK XER AWK.
  6460 | D:7      | Noticed Maggie
  6461 | D:7      | 6461 ||| Stepping ~*~*~tactically~*~*~ (hiding).
  6470 | D:7      | Killed Maggie
  6475 | D:7      | 6475 ||| FLEEEEING.
  6485 | D:7      | 6485 ||| STAIRDANCE
  6690 | D:7      | 6690 ||| READING scroll of brand weapon.
  6690 | D:7      | 6690 ||| BRANDING +1 war axe of electrocution.
  6729 | D:7      | Found a snail-covered altar of Cheibriados.
  6792 | D:7      | 6792 ||| FLEEEEING.
  6793 | D:7      | 6793 ||| FLEEEEING.
  6794 | D:7      | 6794 ||| FLEEEEING.
  6796 | D:7      | 6796 ||| FLEEEEING.
  6798 | D:7      | 6798 ||| FLEEEEING.
  6799 | D:7      | 6799 ||| FLEEEEING.
  6800 | D:7      | 6800 ||| FLEEEEING.
  6801 | D:7      | 6801 ||| FLEEEEING.
  6802 | D:7      | 6802 ||| FLEEEEING.
  6803 | D:7      | 6803 ||| FLEEEEING.
  6804 | D:7      | 6804 ||| FLEEEEING.
  6805 | D:7      | 6805 ||| FLEEEEING.
  6806 | D:7      | 6806 ||| FLEEEEING.
  6807 | D:7      | 6807 ||| FLEEEEING.
  6808 | D:7      | 6808 ||| FLEEEEING.
  6809 | D:7      | 6809 ||| FLEEEEING.
  6814 | D:7      | 6814 ||| FLEEEEING.
  6821 | D:7      | Found a stormy altar of Qazlal.
  6827 | D:7      | 6827 ||| FLEEEEING.
  6830 | D:7      | 6830 ||| FLEEEEING.
  6831 | D:7      | 6831 ||| FLEEEEING.
  6832 | D:7      | 6832 ||| FLEEEEING.
  6833 | D:7      | 6833 ||| FLEEEEING.
  6833 | D:7      | Found a blossoming altar of Fedhas.
  6838 | D:7      | 6838 ||| FLEEEEING.
  6839 | D:7      | 6839 ||| STAIRDANCE
  7139 | D:6      | 7139 ||| UPGRADING to +0 swamp dragon scales.
  7217 | D:7      | 7217 ||| Stepping ~*~*~tactically~*~*~ (stealth).
  7218 | D:7      | 7218 ||| Stepping ~*~*~tactically~*~*~ (stealth).
  7269 | D:7      | 7269 ||| INVOKING Berserk.
  7654 | D:7      | Reached XP level 10. HP: 90/90 MP: 9/9
  7673 | D:7      | 7673 ||| Stepping ~*~*~tactically~*~*~ (hiding).
  7813 | D:7      | Reached skill level 14 in Axes
  8174 | D:7      | 8174 ||| READING scroll labelled BUCKIA EDIUNA.
  8313 | D:8      | 8313 ||| INVOKING Berserk.
  8330 | D:8      | 8330 ||| FLEEEEING.
  8332 | D:8      | 8332 ||| STAIRDANCE
  8425 | D:8      | 8425 ||| Stepping ~*~*~tactically~*~*~ (stealth).
  8457 | D:8      | Noticed a boulder beetle
  8460 | D:8      | 8460 ||| INVOKING Berserk.
  8468 | D:8      | Killed a boulder beetle
  8469 | D:8      | Reached skill level 15 in Axes
  8521 | D:8      | Reached skill level 9 in Fighting
  8526 | D:8      | 8526 ||| Stepping ~*~*~tactically~*~*~ (stealth).
  8530 | D:8      | 8530 ||| INVOKING Berserk.
  8581 | D:8      | 8581 ||| Stepping ~*~*~tactically~*~*~ (stealth).
  8583 | D:8      | 8583 ||| Stepping ~*~*~tactically~*~*~ (stealth).
  8662 | D:8      | 8662 ||| Stepping ~*~*~tactically~*~*~ (hiding).
  8663 | D:8      | 8663 ||| Stepping ~*~*~tactically~*~*~ (hiding).
  8664 | D:8      | 8664 ||| Stepping ~*~*~tactically~*~*~ (hiding).
  8665 | D:8      | 8665 ||| Stepping ~*~*~tactically~*~*~ (hiding).
  8703 | D:8      | 8703 ||| Stepping ~*~*~tactically~*~*~ (hiding).
  8842 | D:8      | Identified the +1 sling of Uplifting Anguish {venom, rElec
                  | Str+4}
  8855 | D:8      | Found a staircase to the Lair.
  8874 | D:8      | 8874 ||| INVOKING Berserk.
  8880 | D:8      | Reached skill level 16 in Axes
  9105 | D:8      | 9105 ||| Stepping ~*~*~tactically~*~*~ (stealth).
  9109 | D:8      | 9109 ||| Stepping ~*~*~tactically~*~*~ (hiding).
  9116 | D:8      | 9116 ||| INVOKING Berserk.
  9119 | D:8      | Reached skill level 6 in Dodging
  9128 | D:8      | 9128 ||| Stepping ~*~*~tactically~*~*~ (cloud).
  9373 | D:8      | Found an opulent altar of Gozag.
  9534 | D:8      | 9534 ||| Stepping ~*~*~tactically~*~*~ (hiding).
  9625 | D:8      | 9625 ||| PLANNING LAIR
  9625 | D:8      | 9625 ||| READING scroll labelled ABLEYD TIECRO.
  9626 | D:8      | 9626 ||| READING scroll labelled BUAFOWU VOXOD.
  9647 | Lair:1   | Entered Level 1 of the Lair of Beasts
  9647 | Lair:1   | Noticed a torpor snail
  9649 | Lair:1   | 9649 ||| Stepping ~*~*~tactically~*~*~ (stealth).
  9655 | Lair:1   | 9655 ||| INVOKING Berserk.
  9657 | Lair:1   | Killed a torpor snail
  9658 | Lair:1   | Reached XP level 11. HP: 99/99 MP: 10/10
  9668 | Lair:1   | Reached skill level 6 in Armour
  9848 | Lair:1   | 9848 ||| INVOKING Berserk.
  9971 | Lair:1   | 9971 ||| INVOKING Berserk.
 10180 | Lair:1   | 10180 ||| Stepping ~*~*~tactically~*~*~ (stealth).
 10181 | Lair:1   | 10181 ||| Stepping ~*~*~tactically~*~*~ (stealth).
 10207 | Lair:1   | 10207 ||| Stepping ~*~*~tactically~*~*~ (stealth).
 10240 | Lair:1   | 10240 ||| INVOKING Berserk.
 10366 | Lair:1   | Noticed Fannar
 10391 | Lair:1   | 10391 ||| INVOKING Berserk.
 10392 | Lair:1   | Killed Fannar
 10393 | Lair:1   | Reached skill level 12 in Fighting
 10781 | Lair:1   | 10781 ||| INVOKING Berserk.
 10875 | Lair:1   | 10875 ||| Stepping ~*~*~tactically~*~*~ (stealth).
 10880 | Lair:1   | 10880 ||| Stepping ~*~*~tactically~*~*~ (stealth).
 11037 | Lair:1   | 11037 ||| INVOKING Berserk.
 11172 | Lair:1   | 11172 ||| Stepping ~*~*~tactically~*~*~ (hiding).
 11609 | Lair:1   | 11609 ||| UPGRADING to +0 cloak.
 11614 | Lair:1   | 11614 ||| READING 4 scrolls of identify.
 11614 | Lair:1   | 11614 ||| IDENTIFYING white potion
 11615 | Lair:1   | 11615 ||| READING 3 scrolls of identify.
 11615 | Lair:1   | 11615 ||| IDENTIFYING viscous black potion
 11616 | Lair:1   | 11616 ||| READING 2 scrolls of identify.
 11616 | Lair:1   | 11616 ||| IDENTIFYING red potion
 11617 | Lair:1   | 11617 ||| DROPPING potion of magic.
 11715 | Lair:2   | Reached XP level 12. HP: 115/115 MP: 11/11
 11879 | Lair:2   | Found a staircase to the Shoals.
 11900 | Lair:2   | 11900 ||| READING scroll of enchant armour.
 11900 | Lair:2   | 11900 ||| ENCHANTING +0 pair of boots.
 11908 | Lair:2   | Reached skill level 9 in Dodging
 12142 | Lair:2   | Noticed Sonja
 12155 | Lair:2   | Noticed Gastronok
 12156 | Lair:2   | 12156 ||| Stepping ~*~*~tactically~*~*~ (stealth).
 12162 | Lair:2   | 12162 ||| INVOKING Berserk.
 12167 | Lair:2   | Killed Sonja
 12170 | Lair:2   | HP: 28/115 [poisoned by Sonja]
 12172 | Lair:2   | 12172 ||| READING 4 scrolls of teleportation.
 12173 | Lair:2   | 12173 ||| DRINKING potion of heal wounds.
 12536 | Lair:2   | 12536 ||| Stepping ~*~*~tactically~*~*~ (hiding).
 12546 | Lair:2   | 12546 ||| INVOKING Berserk.
 12555 | Lair:2   | Killed Gastronok
 12556 | Lair:2   | Reached skill level 9 in Armour
 12712 | Lair:2   | Noticed Amaemon
 12713 | Lair:2   | 12713 ||| INVOKING Berserk.
 12722 | Lair:2   | Killed Amaemon
 12835 | Lair:2   | 12835 ||| DROPPING +3 flail of freezing.
 12969 | Lair:2   | 12969 ||| Stepping ~*~*~tactically~*~*~ (stealth).
 12995 | Lair:2   | 12995 ||| FLEEEEING.
 12996 | Lair:2   | 12996 ||| FLEEEEING.
 12997 | Lair:2   | 12997 ||| FLEEEEING.
 12998 | Lair:2   | 12998 ||| FLEEEEING.
 12999 | Lair:2   | 12999 ||| FLEEEEING.
 13000 | Lair:2   | 13000 ||| FLEEEEING.
 13001 | Lair:2   | 13001 ||| FLEEEEING.
 13002 | Lair:2   | 13002 ||| FLEEEEING.
 13407 | Lair:3   | Noticed Urug
 13410 | Lair:3   | 13410 ||| INVOKING Berserk.
 13436 | Lair:3   | HP: 7/117 [Urug/+3 demon trident of electrocution (24)]
 13437 | Lair:3   | 13437 ||| READING 3 scrolls of teleportation.
 13452 | Lair:3   | 13452 ||| Stepping ~*~*~tactically~*~*~ (stealth).
 13490 | Lair:3   | 13490 ||| Stepping ~*~*~tactically~*~*~ (stealth).
 13497 | Lair:3   | 13497 ||| Stepping ~*~*~tactically~*~*~ (stealth).
 13499 | Lair:3   | 13499 ||| Stepping ~*~*~tactically~*~*~ (stealth).
 13499 | Lair:3   | Noticed a death yak
 13499 | Lair:3   | Noticed a death yak
 13500 | Lair:3   | Noticed a death yak
 13500 | Lair:3   | 13500 ||| Stepping ~*~*~tactically~*~*~ (stealth).
 13502 | Lair:3   | Noticed a death yak
 13503 | Lair:3   | 13503 ||| Stepping ~*~*~tactically~*~*~ (stealth).
 13504 | Lair:3   | 13504 ||| READING 2 scrolls of teleportation.
 13505 | Lair:3   | 13505 ||| Stepping ~*~*~tactically~*~*~ (stealth).
 13506 | Lair:3   | 13506 ||| INVOKING Berserk.
 13545 | Lair:3   | 13545 ||| FLEEEEING.
 13558 | Lair:3   | 13558 ||| FLEEEEING.
 13559 | Lair:3   | 13559 ||| STAIRDANCE
 13806 | Lair:3   | 13806 ||| Stepping ~*~*~tactically~*~*~ (hiding).
 13810 | Lair:3   | 13810 ||| INVOKING Berserk.
 13816 | Lair:3   | Killed Urug
 13994 | Lair:3   | 13994 ||| INVOKING Berserk.
 14000 | Lair:3   | Reached skill level 3 in Throwing
 14124 | Lair:3   | 14124 ||| INVOKING Berserk.
 14173 | Lair:3   | 14173 ||| Stepping ~*~*~tactically~*~*~ (stealth).
 14176 | Lair:3   | 14176 ||| Stepping ~*~*~tactically~*~*~ (stealth).
 14178 | Lair:3   | 14178 ||| Stepping ~*~*~tactically~*~*~ (stealth).
 14180 | Lair:3   | 14180 ||| Stepping ~*~*~tactically~*~*~ (stealth).
 14182 | Lair:3   | 14182 ||| INVOKING Berserk.
 14367 | Lair:3   | 14367 ||| INVOKING Berserk.
 14431 | Lair:3   | Noticed Prince Ribbit
 14452 | Lair:3   | Killed Prince Ribbit
 14507 | Lair:3   | Noticed a death yak
 14512 | Lair:3   | 14512 ||| INVOKING Berserk.
 14512 | Lair:3   | Noticed a death yak
 14515 | Lair:3   | Killed a death yak
 14523 | Lair:3   | Killed a death yak
 14524 | Lair:3   | Reached skill level 6 in Throwing
 14527 | Lair:3   | Killed a death yak
 14529 | Lair:3   | Killed a death yak
 14530 | Lair:3   | Reached XP level 13. HP: 125/125 MP: 12/12
 14711 | Lair:3   | 14711 ||| READING scroll of enchant weapon.
 14711 | Lair:3   | 14711 ||| ENCHANTING +1 vampiric war axe.
 14719 | Lair:3   | Found a hole to the Spider Nest.
 14847 | Lair:3   | 14847 ||| INVOKING Berserk.
 14927 | Lair:3   | 14927 ||| INVOKING Berserk.
 15539 | Lair:4   | 15539 ||| INVOKING Berserk.
 15699 | Lair:4   | 15699 ||| INVOKING Berserk.
 15872 | Lair:4   | Found a viscous altar of Jiyva.
 15874 | Lair:4   | 15874 ||| FLEEEEING.
 15976 | Lair:4   | Identified the +9 morningstar "Yskent" {vorpal, rPois rC+++
                  | Str+2 Dex-2}
 16072 | Lair:4   | Reached skill level 15 in Fighting
 16072 | Lair:4   | 16072 ||| Stepping ~*~*~tactically~*~*~ (stealth).
 16073 | Lair:4   | 16073 ||| Stepping ~*~*~tactically~*~*~ (stealth).
 16109 | Lair:4   | 16109 ||| INVOKING Brothers in Arms.
 16110 | Lair:4   | 16110 ||| INVOKING Brothers in Arms.
 16111 | Lair:4   | 16111 ||| INVOKING Brothers in Arms.
 16112 | Lair:4   | 16112 ||| INVOKING Brothers in Arms.
 16113 | Lair:4   | 16113 ||| INVOKING Brothers in Arms.
 16114 | Lair:4   | 16114 ||| INVOKING Brothers in Arms.
 16115 | Lair:4   | 16115 ||| INVOKING Brothers in Arms.
 16116 | Lair:4   | 16116 ||| INVOKING Brothers in Arms.
 16117 | Lair:4   | 16117 ||| INVOKING Brothers in Arms.
 16118 | Lair:4   | 16118 ||| SWAPPING to +9 morningstar "Yskent" {vorpal,
                  | rPois rC+++ Str+2 Dex-2}.
 16119 | Lair:4   | 16119 ||| INVOKING Berserk.
 16125 | Lair:4   | 16125 ||| SWAPPING to +2 vampiric war axe.
 16535 | Lair:4   | Found a staircase to the Slime Pits.
 16537 | Lair:4   | 16537 ||| FLEEEEING.
 16538 | Lair:4   | 16538 ||| FLEEEEING.
 16539 | Lair:4   | 16539 ||| FLEEEEING.
 16740 | Lair:4   | 16740 ||| FLEEEEING.
 16793 | Lair:4   | 16793 ||| FLEEEEING.
 16794 | Lair:4   | 16794 ||| FLEEEEING.
 17004 | Lair:4   | 17004 ||| FLEEEEING.
 17121 | Lair:4   | 17121 ||| FLEEEEING.
 17327 | Lair:4   | 17327 ||| FLEEEEING.
 17373 | Lair:4   | 17373 ||| FLEEEEING.
 17374 | Lair:4   | 17374 ||| FLEEEEING.
 17470 | Lair:4   | 17470 ||| FLEEEEING.
 17471 | Lair:4   | 17471 ||| FLEEEEING.
 17651 | Lair:4   | 17651 ||| FLEEEEING.
 17652 | Lair:4   | 17652 ||| FLEEEEING.
 17892 | Lair:4   | 17892 ||| FLEEEEING.
 17934 | Lair:4   | 17934 ||| FLEEEEING.
 17935 | Lair:4   | 17935 ||| FLEEEEING.
 18063 | Lair:4   | 18063 ||| FLEEEEING.
 18215 | Lair:4   | 18215 ||| FLEEEEING.
 18216 | Lair:4   | 18216 ||| FLEEEEING.
 18343 | Lair:4   | 18343 ||| FLEEEEING.
 18402 | Lair:4   | 18402 ||| FLEEEEING.
 18403 | Lair:4   | 18403 ||| FLEEEEING.
 18534 | Lair:4   | 18534 ||| FLEEEEING.
 18535 | Lair:4   | 18535 ||| FLEEEEING.
 18621 | Lair:4   | 18621 ||| FLEEEEING.
 18671 | Lair:4   | 18671 ||| FLEEEEING.
 18708 | Lair:4   | 18708 ||| FLEEEEING.
 18814 | Lair:4   | 18814 ||| FLEEEEING.
 18850 | Lair:4   | 18850 ||| FLEEEEING.
 19101 | Lair:4   | 19101 ||| FLEEEEING.
 19156 | Lair:4   | 19156 ||| FLEEEEING.
 19268 | Lair:4   | 19268 ||| INVOKING Berserk.
 19281 | Lair:4   | HP: 36/189 [oklob plant/splash of acid (38)]
 19281 | Lair:4   | HP: 17/189 [oklob plant/splash of acid (19)]
 19287 | Lair:4   | 19287 ||| READING 2 scrolls of teleportation.
 19287 | Lair:4   | Killed from afar by an oklob plant

Levels and vault maps discovered:
D:1:      amcnicky_arrival_gap_in_the_tavern_cellar, layout_basic,
          shapermc_ecumenical_altar_mp_highgroup, chequers_garden
D:2:      layout_rooms, uniq_robin
D:3:      layout_rooms, cheibrodos_sewer_entry_bend, uniq_sigmund,
          uniq_crazy_yiuf_cottage
D:4:      layout_rooms, uniq_blork_the_orc, uniq_pikel
D:5:      layout_layer_cave, mainiacjoe_overflow_alcove_2, uniq_grinder
D:6:      layout_cave_pools, minmay_temple_entry_mini_moons,
          lightli_church_of_beogh
D:7:      layout_basic, nicolae_overflow_crystal_walls,
          mainiacjoe_overflow_brackets, mainiacjoe_overflow_tiny_flanked,
          kennysheep_another_room, minmay_checkerbox, uniq_maggie
D:8:      layout_loops_ring, nicolae_gozag_seed_capital,
          due_lair_maze_entry_diamond
Lair:1:   layout_cave_pods, st_stairs_12, uniq_fannar
Lair:2:   layout_gridlike, elwin_shoals_entry_rocks, enter_volcano_4,
          patterned_corridor, uniq_amaemon, uniq_sonja, uniq_gastronok
Lair:3:   layout_chaotic_city, spider_nest_entry_webs, uniq_prince_ribbit2,
          uniq_urug
Lair:4:   layout_roguey, minmay_slime_entry_oklob_enclosed,
          chequers_serial_rivers_micro_c

Skill      XL: |  1  2  3  4  5  6  7  8  9 10 11 12 13 |
---------------+----------------------------------------+-----
Axes           | 4 5 6 8 10 12 13 16 | 16.1
Throwing       | 1 2 6 8 |  8.7
Fighting       | 4 5 7 8 9 13 14 15 | 15.0
Armour         | 3 4 5 7 9 10 | 10.0
Dodging        | 3 4 6 8 10 | 10.0

Action                   |  1- 3 |  4- 6 |  7- 9 | 10-12 | 13-15 || total
-------------------------+-------+-------+-------+-------+-------++-------
Melee: Hand axe          |    80 |    33 |       |       |       ||   113
       Headbutt          |    18 |    14 |    23 |    97 |    24 ||   176
       Punch             |     1 |       |     2 |     6 |     2 ||    11
       War axe           |       |    32 |   152 |   437 |    88 ||   709
       Unarmed           |       |       |       |     1 |       ||     1
       Morningstar       |       |       |       |       |     1 ||     1
Throw: Boomerang         |    15 |    20 |   106 |    18 |       ||   159
       Javelin           |       |       |       |    19 |    23 ||    42
Invok: Berserk           |     1 |     4 |     5 |    23 |     6 ||    39
       Trog's Hand       |       |       |     1 |       |       ||     1
       Brothers in Arms  |       |       |       |       |     1 ||     1
  Use: Scroll            |     1 |     6 |     7 |    10 |     2 ||    26
       Potion            |       |     4 |     1 |     1 |       ||     6
 Stab: Distracted        |       |       |       |       |     1 ||     1
Armor: Animal skin       |     9 |       |       |       |       ||     9
       Ring mail         |    12 |    11 |       |       |       ||    23
       Chain mail        |       |     8 |    38 |       |       ||    46
       Swamp dragon scal |       |       |    11 |   113 |    19 ||   143
       Skin              |       |       |       |    10 |       ||    10
Dodge: Dodged            |    49 |    24 |    60 |   213 |    62 ||   408

Table legend:
 A = Non-vault XP
 B = Vault XP
 C = Vault XP percentage of total XP
 D = Non-vault monster count
 E = Vault monster count
 F = Vault count percentage of total count
                 A         B        C        D         E       F
            +---------+---------+-------+---------+---------+-------
      Total |   36335 |   13177 |  26.6 |     267 |      54 |  16.8
            +---------+---------+-------+---------+---------+-------
        D:1 |      50 |       0 |   0.0 |      33 |       0 |   0.0
        D:2 |      67 |      35 |  34.3 |      27 |      11 |  28.9
        D:3 |      14 |     233 |  94.3 |       7 |       3 |  30.0
        D:4 |     250 |     723 |  74.3 |      18 |       2 |  10.0
        D:5 |     990 |     249 |  20.1 |      19 |       1 |   5.0
        D:6 |    1237 |       0 |   0.0 |      19 |       0 |   0.0
        D:7 |    1346 |     788 |  36.9 |      20 |       5 |  20.0
        D:8 |    1714 |    2572 |  60.0 |      20 |      11 |  35.5
     Lair:1 |    9969 |    1249 |  11.1 |      35 |       3 |   7.9
     Lair:2 |    3730 |    3533 |  48.6 |      17 |       4 |  19.0
     Lair:3 |   12151 |    1954 |  13.9 |      37 |       6 |  14.0
     Lair:4 |    4817 |    1695 |  26.0 |      15 |       3 |  16.7
      Sewer |       0 |     146 | 100.0 |       0 |       5 | 100.0
            +---------+---------+-------+---------+---------+-------
